 Dungeon Sprint DCSS version 0.21.1-1-g345015f (webtiles) character file.

729 Fang the Fighter (level 7, -18/79 HPs)
             Began as a Gargoyle Berserker on June 28, 2018.
             Was a High Priest of Trog.
             Demolished by a tyrant leech (25 damage)
             ... in the Dungeon (Sprint VII: "The Pits").
             The game lasted 00:01:46 (858 turns).

Fang the Fighter (Gargoyle Berserker)                Turns: 858, Time: 00:01:47

Health: -18/79     AC:  7    Str: 27    XL:     7   Next: 73%
Magic:  7/7        EV: 14    Int:  8    God:    Trog [*****.]
Gold:   0          SH:  0    Dex:  9    Spells: 6/6 levels left

rFire    . . .     SeeInvis .   o - +0 hand axe (freeze)
rCold    . . .     Gourm    .   (no shield)
rNeg     + . .     Faith    .   b - +0 animal skin
rPois    ∞         Spirit   .   (no helmet)
rElec    +         Reflect  .   (no cloak)
rCorr    .         Harm     .   (no gloves)
MR       .....     NoTele   +   (no boots)
Stlth    ..........             (no amulet)
HPRegen  0.23/turn              (no ring)
MPRegen  0.10/turn              (no ring)

@: berserking (expiring), very quick
A: negative energy resistance 1, electricity resistance, unbreathing,
petrification resistance, rot immunity, AC +4
a: Berserk, Trog's Hand, Brothers in Arms, Burn Spellbooks, Renounce Religion


You were in the Dungeon.
You worshipped Trog.
Trog was extremely pleased with you.
You were not hungry.

You visited 1 branch

Inventory:

Hand Weapons
 j - a +2 hand axe
 o - a +0 hand axe of freezing (weapon)
Missiles
 n - 3 silver javelins (quivered)
Armour
 b - a +0 animal skin (worn)
Scrolls
 i - a scroll of blinking
 k - 3 scrolls of remove curse
 l - a scroll of summoning
Potions
 a - 2 potions of invisibility
 d - 6 potions of curing
 e - 4 potions of heal wounds
 f - a potion of haste
 g - 4 potions of magic
 h - 3 potions of berserk rage
Comestibles
 c - 8 rations


   Skills:
 + Level 10.5 Fighting
 + Level 9.9 Axes
 + Level 5.5 Armour
 + Level 5.6 Dodging
 + Level 4.0 Stealth


You had 6 spell levels left.
You didn't know any spells.

Dungeon Overview and Level Annotations

Branches:
Dungeon (1/1)

Altars:
Cheibriados
Dithmenos
Elyvilon
Fedhas
Gozag
Hepliaklqana
Makhleb
Nemelex Xobeh
Okawaru
Qazlal
Ru
Sif Muna
Trog
Vehumet
Wu Jian
Xom
Yredelemnul
Zin
The Shining One
Beogh
Jiyva
Lugonu


Innate Abilities, Weirdness & Mutations

You are resistant to torment.
Your stone body is resilient. (AC +4)
You are immune to poison.
You resist negative energy. (rN+)
You are resistant to electric shocks. (rElec)
You can survive without breathing.
You are immune to petrification.
You are immune to rotting.


Message History

The tyrant leech bites you!!
* * * LOW HITPOINT WARNING * * *
You are too injured to fight recklessly!
Unknown command.
You are too injured to fight recklessly!
Unknown command.
You are too injured to fight recklessly!
Unknown command.
You hit the tyrant leech but do no damage.
The tyrant leech is moderately wounded.
You slash the two-headed ogre! You freeze the two-headed ogre.
You miss the porcupine. The porcupine completely misses you.
The two-headed ogre hits you with a giant club!
* * * LOW HITPOINT WARNING * * *
The two-headed ogre misses you.
You closely miss the tyrant leech.
The tyrant leech is moderately wounded.
You barely miss the two-headed ogre. You slash the porcupine!
You freeze the porcupine. The tyrant leech bites you!!
You die...

#.#.÷########...<...#
#.#..'.)).[##.......#
#.#..#.)))[##.......#
#)###########.......#
#.......#.. #########
#))#.#..#.######
#.##.##.#)#....#
#.......#)#.r..#
#.##.##.#.'@w..+
#..#.#..#'#.O..#
#.......'.#....#
################


You could see a tyrant leech, a two-headed ogre and a porcupine.

Vanquished Creatures
  A shadow (D)
  Edmund (D)
  A floating eye (D)
  An ogre (D)
  A big kobold (D)
  4 wights (D)
  A jelly (D)
  A white imp (D)
  2 oozes (D)
  3 leopard geckos (D)
  2 giant cockroaches (D)
  4 jackals (D)
  A quokka (D)
  A rat (D)
24 creatures vanquished.

Notes
Turn   | Place    | Note
-------+----------+-------------------------------------------
     0 | D        | Fang the Gargoyle Berserker began the quest for the Orb.
     0 | D        | Reached XP level 1. HP: 14/14 MP: 1/1
    24 | D        | Found a bloodstained altar of Trog.
    24 | D        | Found a deep blue altar of Sif Muna.
    24 | D        | Found a viscous altar of Jiyva.
    24 | D        | Found a hazy altar of Hepliaklqana.
    24 | D        | Found an opulent altar of Gozag.
    25 | D        | Found a glowing golden altar of the Shining One.
    25 | D        | Found a glowing silver altar of Zin.
    25 | D        | Found a basalt altar of Yredelemnul.
    25 | D        | Found a shimmering altar of Xom.
    25 | D        | Found an ornate altar of the Wu Jian Council.
    25 | D        | Found a sacrificial altar of Ru.
    25 | D        | Found a stormy altar of Qazlal.
    25 | D        | Found an iron altar of Okawaru.
    25 | D        | Found a sparkling altar of Nemelex Xobeh.
    25 | D        | Found a burning altar of Makhleb.
    25 | D        | Found a blossoming altar of Fedhas.
    25 | D        | Found a white marble altar of Elyvilon.
    25 | D        | Found a shadowy altar of Dithmenos.
    25 | D        | Found a snail-covered altar of Cheibriados.
    28 | D        | Found a corrupted altar of Lugonu.
    28 | D        | Found a radiant altar of Vehumet.
    28 | D        | Found a roughly hewn altar of Beogh.
    68 | D        | Reached skill level 4 in Fighting
    73 | D        | Reached ** piety under Trog
    73 | D        | Reached XP level 2. HP: 10/20 MP: 2/2
   351 | D        | Noticed a floating eye
   356 | D        | Paralysed by a floating eye for 4 turns
   360 | D        | Killed a floating eye
   360 | D        | Reached *** piety under Trog
   360 | D        | Reached skill level 6 in Fighting
   360 | D        | Reached skill level 5 in Axes
   360 | D        | Reached skill level 1 in Stealth
   360 | D        | Reached XP level 3. HP: 28/28 MP: 3/3
   360 | D        | Reached XP level 4. HP: 32/32 MP: 4/4
   395 | D        | Received a gift from Trog
   395 | D        | Reached XP level 5. HP: 26/37 MP: 5/5
   594 | D        | Noticed an ogre
   597 | D        | Noticed Edmund
   600 | D        | Reached **** piety under Trog
   604 | D        | Killed an ogre
   604 | D        | Reached skill level 7 in Fighting
   606 | D        | Reached skill level 8 in Fighting
   606 | D        | Reached XP level 6. HP: 32/44 MP: 6/6
   613 | D        | Killed Edmund
   613 | D        | Reached skill level 9 in Fighting
   613 | D        | Reached skill level 5 in Armour
   687 | D        | Reached ***** piety under Trog
   689 | D        | Noticed a shadow
   697 | D        | Killed a shadow
   697 | D        | Reached skill level 10 in Fighting
   697 | D        | Reached skill level 5 in Dodging
   697 | D        | Reached XP level 7. HP: 52/52 MP: 7/7
   851 | D        | Noticed a two-headed ogre
   851 | D        | Noticed a tyrant leech
   858 | D        | Demolished by a tyrant leech

Skill      XL: |  1  2  3  4  5  6  7 |
---------------+----------------------+-----
Axes           | 3 5 6 7 9 |  9.9
Fighting       | 4 6 8 10 | 10.5
Dodging        | 3 4 5 |  5.6
Armour         | 4 5 |  5.5
Stealth        | 1 2 3 4 |  4.0

Action                   |  1- 3 |  4- 6 |  7- 9 || total
-------------------------+-------+-------+-------++-------
Melee: Hand axe          |    29 |    38 |    18 ||    85
Invok: Berserk           |     1 |     3 |     2 ||     6
  Use: Potion            |       |     2 |       ||     2
 Stab: Sleeping          |     1 |       |       ||     1
  Eat: Chunk             |       |     2 |     1 ||     3
       Ration            |       |       |     1 ||     1
Armor: Animal skin       |    10 |     8 |     1 ||    19
Dodge: Dodged            |    23 |    23 |     8 ||    54
